 Dungeon Crawl Stone Soup version 0.23.2-40-g277498a001 (webtiles) character file.

Game seed: 12702161993112792406

34 MalarOregon the Caller (level 3, -2/24 HPs)
             Began as a Merfolk Summoner on Aug 26, 2019.
             Killed by nerve-wracking pain
             ... invoked by an orc priest
              (5 damage)
             ... on level 2 of the Dungeon.
             The game lasted 00:03:57 (1783 turns).

MalarOregon the Caller (Merfolk Summoner)           Turns: 1783, Time: 00:03:58

Health: -2/24      AC:  2    Str:  8    XL:     3   Next: 31%
Magic:  0/6        EV: 13    Int: 15    God:
Gold:   114        SH:  0    Dex: 14    Spells: 5/6 levels left

rFire    . . .     SeeInvis .   f - +0 dagger
rCold    . . .     Gourm    .   (no shield)
rNeg     . . .     Faith    .   a - +0 robe
rPois    .         Spirit   .   (no helmet)
rElec    .         Reflect  .   (no cloak)
rCorr    .         Harm     .   (no gloves)
MR       .....                  (no boots)
Stlth    ++........             (no amulet)
HPRegen  0.08/turn              (no ring)
MPRegen  0.10/turn              (no ring)

@: very slightly contaminated
A: change form in water, swift swim, stealthy swim
a: no special abilities


You were on level 2 of the Dungeon.
You were not hungry.

You visited 1 branch of the dungeon, and saw 2 of its levels.

You collected 114 gold pieces.

Inventory:

Hand Weapons
 f - a +0 dagger (weapon)
   (You took it off a goblin on level 1 of the Dungeon)
Armour
 a - a +0 robe (worn)
 p - a +0 pair of boots
   (You found it on level 1 of the Dungeon)
Jewellery
 d - an uncursed ring of protection from fire {unknown}
   (You found it on level 1 of the Dungeon)
 t - an uncursed ring of protection from magic {unknown}
   (You found it on level 2 of the Dungeon)
Scrolls
 g - 3 scrolls of identify {unknown}
 h - a scroll of amnesia {unknown}
 k - a scroll of teleportation {unknown}
 m - 2 scrolls of remove curse {unknown}
 q - 2 scrolls of magic mapping {unknown}
 r - a scroll of enchant armour {unknown}
Potions
 c - a potion of berserk rage {unknown}
 i - a potion of invisibility {unknown}
 j - a potion of mutation {unknown}
 l - 2 potions of haste {unknown}
 n - a potion of curing {unknown}
 o - a potion of might {unknown}
 s - a potion of heal wounds {unknown}
Comestibles
 e - 2 rations {!d}


   Skills:
 + Level 3.3 Dodging
 + Level 2.8 Stealth
 + Level 2.4 Spellcasting
 + Level 4.2 Summonings


You had 5 spell levels left.
You knew the following spells:

 Your Spells              Type           Power        Failure   Level  Hunger
a - Summon Small Mammal   Summ           ##..         3%          1    #......

Your spell library contained the following spells:

 Spells                   Type           Power        Failure   Level  Hunger
 Call Imp                 Summ           ##......     5%          2    ###....
 Call Canine Familiar     Summ           ##......     11%         3    ###....
 Summon Guardian Golem    Hex/Summ       #.......     26%         3    ###....
 Summon Ice Beast         Ice/Summ       #.......     65%         4    #####..
 Summon Lightning Spire   Summ/Air       #.......     65%         4    #####..


Dungeon Overview and Level Annotations

Branches:
Dungeon (2/15)

Altars:
Ashenzari


Message History

Nothing appears to happen.
The orc priest hits your quokka with a +2 flail of crushing!
Your quokka dies!
Your quokka's corpse disappears in a puff of smoke!
Your bat closely misses the orc priest.
The orc priest hits your bat with a +2 flail of crushing.
Your bat dies!
Your bat's corpse disappears in a puff of smoke!
Your bat hits the orc priest but does no damage. x2
Your bat closely misses the orc priest.
You hit the orc priest but do no damage.
Your bat hits the orc priest but does no damage.
The orc priest hits you with a +2 flail of crushing!
Your quokka bites the orc priest.
You hit the orc priest but do no damage.
Your bat hits the orc priest but does no damage.
The orc priest closely misses you.
Your quokka barely misses the orc priest.
You hit the orc priest but do no damage.
Your bat hits the orc priest but does no damage.
Your bat hits the orc priest.
Your bat closely misses the orc priest.
Your quokka barely misses the orc priest.
The orc priest misses you.
You barely miss the orc priest.
Your bat hits the orc priest but does no damage. x2
Your bat closely misses the orc priest.
Your quokka bites the orc priest but does no damage.
The orc priest closely misses you.
Your bat hits the orc priest but does no damage. x2
Your quokka barely misses the orc priest.
Your bat hits the orc priest but does no damage.
Your quokka bites the orc priest.
You hit the orc priest but do no damage.
Your bat hits the orc priest but does no damage.
You hit the orc priest.
Your bat closely misses the orc priest.
The orc priest calls down the wrath of Beogh upon you.
Beogh smites you!
Ouch! That really hurt!
* * * LOW HITPOINT WARNING * * *
Your quokka closely misses the orc priest.
You hit the orc priest but do no damage.
The orc priest barely misses you.
Your quokka bites the orc priest but does no damage.
Your bat hits the orc priest but does no damage.
You closely miss the orc priest.
Your bat hits the orc priest but does no damage. x2
Your quokka bites the orc priest but does no damage.
The orc priest mumbles some strange prayers to Beogh against you.
Pain shoots through your body!
You die...

#.......#..##)......)..##....#
#..##o#.#.#.#.#.######.#.....#
#..........)...((# #.<.....#
##.##...##.##.##.# #####.###
#.###..##.##.##.### #.#
#.###..##.##......# #.#
#....(.##.#####b#.# ##+##
#####.###.#####o#.# ##...##
#.# #.....r@#.# ##.....## #.#
#######r#.# ##.......## #.#
######.b..###.........## ...
............'.........+. #.#
######....###.........## .#
##.#.# ##.......## ###.#
##.....## #.# ##...## #.#
##'##


You could see an orc priest, 2 friendly quokkas and 2 friendly bats.

Vanquished Creatures
  A dart slug (D:1)
  A giant cockroach (D:2)
  A goblin (D:2)
  2 hobgoblins (D:2)
  2 kobolds (D:2)
  4 bats (D:1)
  3 rats
14 creatures vanquished.

Vanquished Creatures (collateral kills)
  An adder (D:2)
  A dart slug (D:1)
  2 orcs (D:2)
  A bat (D:1)
  3 goblins (D:1)
  3 hobgoblins (D:1)
  3 kobolds (D:1)
  A rat (D:1)
15 creatures vanquished.

Grand Total: 29 creatures vanquished

Notes
Turn   | Place    | Note
-------+----------+-------------------------------------------
     0 | D:1      | MalarOregon the Merfolk Summoner began the quest for the
                  | Orb.
     0 | D:1      | Reached XP level 1. HP: 13/13 MP: 3/3
   368 | D:1      | Reached XP level 2. HP: 15/19 MP: 5/5
  1052 | D:2      | Found a shattered altar of Ashenzari.
  1372 | D:2      | Reached XP level 3. HP: 22/24 MP: 6/6
  1783 | D:2      | Killed from afar by an orc priest

Skill      XL: |  1  2 |
---------------+-------+-----
Dodging        | 3 |  3.3
Stealth        | |  2.8
Spellcasting   | |  2.4
Summonings     | |  4.2

Action                   || total
-------------------------++-------
Melee: Unarmed           ||    18
       Dagger            ||    72
 Cast: Summon Small Mamm ||    34
 Stab: Sleeping          ||     2
  Eat: Chunk             ||     3
Armor: Robe              ||    31
Dodge: Dodged            ||    93
